AoeStats
← Sadicomane

Lombardia

510243630Analyzed
3v3 RM · 3d ago on Sep 30, 2026· 20m 6s· 6 players
Game mode
Random Map
Map size
Normal (6 player)
Population
200
Speed
Normal
Resources
Standard
Victory
Conquest
Starting age
Dark Age
Ending age
Imperial Age
RankedLock teamsTeams togetherTeam positionsShared explorationLock speedFull tech treeHidden civsTurbo modeCheats
Victory
Defeat
1213
+15
🇲🇽 Dravidians · Mexico
1207
+15
🇨🇳 Ethiopians · China
1099
+19
🇦🇷 Cumans · Argentina
1190
-17
🇦🇷 Aztecs · Argentina
1183
-16
🇦🇷 Portuguese · Argentina
1169
-16
LaBestiaPOP8861
5:24 Loom
11:29 Feudal Age
15:47 Castle Age
berenjena06
7:33 Loom
9:55 Feudal Age
10:19 Man-at-Arms
11:04 Double-Bit Axe
22:09 Castle Age
Sadicomane
6:51 Loom
9:33 Feudal Age
10:13 Double-Bit Axe
rms_0489
10:12 Feudal Age
8:27 Loom
15:00 Castle Age
15:22 Fletching
18:25 Wheelbarrow
18:21 Ballistics
[WWW - KT] Er MaRdiTho!
6:25 Loom
9:22 Feudal Age
10:45 Double-Bit Axe
12:09 Horse Collar
Coldplay
12:43 Feudal Age
13:23 Loom
15:20 Wheelbarrow
14:58 Double-Bit Axe
14:56 Horse Collar
15:15 Fletching
20:52 Castle Age
20:09 Padded Archer Armor
20:10 Gold Mining
Connection lost

Rejoining the realm…

Still unreachable

The connection could not be restored.

Session expired

The server has moved on; the page needs a fresh start.